 Dungeon Sprint DCSS version 0.15-a0-809-g8e1b895 (webtiles) character file.

10 BluebellGnoll the Thaumaturge (level 2, -2/15 HPs)
             Began as a Deep Elf Fire Elementalist on May 14, 2014.
             Was an Initiate of Makhleb.
             Slain by an ice beast (14 damage)
             ... summoned by a deep elf mage
             ... in the Dungeon (Sprint V: "Ziggurat Sprint").
             The game lasted 00:03:38 (217 turns).

BluebellGnoll the Thaumaturge (DEFE)                 Turns: 217, Time: 00:03:38

HP  -2/15        AC  2     Str 16      XL: 2   Next: 10%
MP  16/18        EV 18     Int 25      God: Makhleb [......]
Gold 0           SH 12     Dex 20      Spells:  2 memorised, 18 levels left

rFire  . . .     SeeInvis .     u - +7 Screaming Sword
rCold  . . .     Clarity  .     a - +0 robe
rNeg   . . .     Conserve .     v - +3 buckler
rPois  .         rCorr    .     (no helmet)
rElec  .         rRot     .     (no cloak)
SustAb . .       Spirit   .     (no gloves)
rMut   .         Warding  .     (no boots)
Gourm  .         NoTele   +     (no amulet)
MR     .....                    p - +6 ring of intelligence
                                r - +6 ring of strength

@: mighty, agile, not resistant to hostile enchantments, fairly stealthy
A: no striking features
a: Renounce Religion


You were in the Dungeon.
You worshipped Makhleb.
Makhleb was noncommittal.
You were very full.

You visited 1 branch

Inventory:

Hand weapons
 u - the +7,+7 Screaming Sword (weapon)
   (You found it in the Dungeon)
Armour
 a - a +0 robe (worn)
 v - a +3 buckler (worn)
Magical devices
 j - a wand of disintegration (7)
 k - a wand of fire (5)
 l - a wand of cold (5)
 m - a wand of draining (5)
Comestibles
 c - 5 bread rations
 w - 15 strawberries
 x - 4 meat rations
Scrolls
 i - 4 scrolls of blinking
 y - 4 scrolls of amnesia
 z - 3 scrolls of recharging
 A - 7 scrolls of fog
 B - a scroll of holy word
 C - 5 scrolls of identify
 D - 5 scrolls of remove curse
 E - 2 scrolls of fear
Jewellery
 n - a +6 ring of dexterity
 o - a +6 ring of dexterity
 p - a +6 ring of intelligence (right hand)
 q - a +6 ring of intelligence
 r - a +6 ring of strength (left hand)
 s - a +6 ring of strength
Potions
 d - 10 potions of curing
 e - 8 potions of heal wounds
 f - 6 potions of haste
 g - 7 potions of magic
 h - 3 potions of berserk rage
 F - 2 potions of brilliance
 G - 2 potions of invisibility
 H - 2 potions of restore abilities
 I - 4 potions of resistance
 K - 4 potions of agility
 L - 4 potions of might
Books
 b - a book of Flames

   Spells                             Type                      Level
   *Flame Tongue                      Conjuration/Fire             1
   *Throw Flame                       Conjuration/Fire             2
   Conjure Flame                      Conjuration/Fire             3
   Inner Flame                        Hexes/Fire                   3
   Sticky Flame                       Conjuration/Fire             4
   Fireball                           Conjuration/Fire             5
Miscellaneous
 t - a disc of storms


   Skills:
 + Level 2.7 Dodging
 - Level 2.4 Stealth
 - Level 10.1 Spellcasting
 - Level 1.1 Conjurations
 - Level 3.2 Fire Magic


You had 18 spell levels left.
You knew the following spells:

 Your Spells              Type           Power        Failure   Level  Hunger
a - Flame Tongue          Conj/Fire      ###..        2%          1    None
b - Throw Flame           Conj/Fire      ###...       4%          2    None


Dungeon Overview and Level Annotations

Branches:
Dungeon (1/1)

Altars:
Ashenzari
Cheibriados
Dithmenos
Elyvilon
Fedhas
Gozag
Kikubaaqudgha
Makhleb
Nemelex Xobeh
Okawaru
Qazlal
Sif Muna
Trog
Vehumet
Xom
Yredelemnul
Zin
The Shining One
Beogh
Jiyva
Lugonu


Message History

The deep elf mage is severely wounded.
The Screaming Sword screams, "I AM A PROPHET OF DANCE!"
The monsters around you reel from the noise!
The deep elf mage mumbles some strange words.
The deep elf fighter gestures wildly while chanting.
The deep elf fighter seems to speed up.
Drink which item? (? for menu, Esc to quit)
You feel much better.
The Screaming Sword asks, "Do you have the will to power, BluebellGnoll?"
The monsters around you reel from the noise!
The ice beast hits you. The ice beast freezes you!
Ouch! That really hurt!
* * * LOW HITPOINT WARNING * * *
Unknown command.
Drink which item? (? for menu, Esc to quit)
You feel much better.
The deep elf fighter glows brightly for a moment.
The ice beast hits you. The ice beast freezes you!
Ouch! That really hurt!
You die...

▓▓▓▓▓▓▓▓▓▓▓▓▓
▓.8©8.▓.8©8.▓
▓.:)).▓.....▓
▓.....▓.).|.▓
▓...e.▓.....▓
▓.eYe.▓.....▓
▓..@..▓.....▓
▓.....▓▓▓▓▓▓▓
▓▓▓▓▓▓▓


You could see a deep elf high priest, an ice beast, a deep elf fighter and a
deep elf mage.

Vanquished Creatures
  A bat skeleton (D)
  A quokka skeleton (D)
2 creatures vanquished.

Notes
Turn   | Place    | Note
--------------------------------------------------------------
     0 | D        | BluebellGnoll, the Deep Elf Fire Elementalist, began the quest for the Orb.
     0 | D        | Reached XP level 1. HP: 10/10 MP: 5/5
     0 | D        | Found a roughly hewn altar of Beogh.
     0 | D        | Found a corrupted altar of Lugonu.
     1 | D        | Found a white marble altar of Elyvilon.
     2 | D        | Found a sparkling altar of Nemelex Xobeh.
     2 | D        | Found a burning altar of Makhleb.
     2 | D        | Found a deep blue altar of Sif Muna.
     3 | D        | Found a bloodstained altar of Trog.
     6 | D        | Found an iron altar of Okawaru.
    16 | D        | Found a radiant altar of Vehumet.
    18 | D        | Found an ancient bone altar of Kikubaaqudgha.
    18 | D        | Found a basalt altar of Yredelemnul.
    19 | D        | Found a shimmering altar of Xom.
   102 | D        | Became a worshipper of Makhleb the Destroyer
   107 | D        | Reached skill level 10 in Spellcasting
   107 | D        | Reached XP level 2. HP: 15/15 MP: 6/18
   111 | D        | Learned a level 2 spell: Throw Flame
   186 | D        | Entered arena 1.
   212 | D        | Entered arena 2.
   212 | D        | Noticed a deep elf mage
   212 | D        | Noticed a deep elf high priest
   212 | D        | Noticed a deep elf fighter
   216 | D        | Noticed an ice beast
   217 | D        | Slain by an ice beast

Action                   || total
-------------------------++-------
 Cast: Flame Tongue      ||     6
  Use: Potion            ||     5
